TOP OF THE 1ST |
Colorado Springs Sky Sox batting - Pitching for Lehigh Valley IronPigs : RHP Jeff Dailey
|
Pitching: RHP Jeff Dailey
|
|
Batting: LHB Steve Gilliam
|
0-0: Ball 1-0: Called Strike 1-1: Swinging Strike 1-2: Ball 2-2: Fly out, F9 (Flyball, 9, EV 85.6 MPH)
|
Batting: LHB Greg Valenzuela
|
0-0: Ball 1-0: Swinging Strike 1-1: Called Strike 1-2: Foul Ball, location: 2F 1-2: Ball 2-2: Ground out 4-3 (Groundball, 4, EV 86.2 MPH)
|
Batting: RHB Maurice Moore
|
0-0: Called Strike 0-1: Ball 1-1: Swinging Strike 1-2: Foul Ball, location: 2F 1-2: Strikes out swinging
|
Top of the 1st over - 0 runs, 0 hits, 0 errors, 0 left on base; Colorado Springs 0 - Lehigh Valley 0 |
BOTTOM OF THE 1ST |
Lehigh Valley IronPigs batting - Pitching for Colorado Springs Sky Sox : LHP Cooper Bate
|
Pitching: LHP Cooper Bate
|
|
Batting: LHB Theodore Conboy
|
0-0: Called Strike 0-1: Foul Ball, location: 2F 0-2: Ball 1-2: Foul Ball, location: 2F 1-2: Reached on error, E2 (Groundball, 13S, EV 66.9 MPH)
|
Batting: RHB Alberto Ramirez
|
0-0: Ball 1-0: Ball 2-0: Called Strike 2-1: Called Strike 2-2: Ground out U3 (Groundball, 23, EV 91.9 MPH) Theodore Conboy to third
|
Batting: LHB Josh George
|
0-0: Called Strike 0-1: Ball 1-1: SINGLE (Line Drive, 34, EV 98.1 MPH) Theodore Conboy scores
|
Batting: RHB Carlos Morejon
|
0-0: Ball 1-0: Swinging Strike 1-1: 2-RUN HOME RUN (Flyball, 7LD, EV 95.0 MPH), Distance : 360 ft
|
Batting: SHB Benjamin Brown
|
0-0: Called Strike 0-1: Swinging Strike 0-2: Strikes out swinging
|
Batting: RHB Mark Schultz
|
0-0: Swinging Strike 0-1: Called Strike 0-2: Strikes out swinging
|
Bottom of the 1st over - 3 runs, 2 hits, 1 error, 0 left on base; Colorado Springs 0 - Lehigh Valley 3 |
TOP OF THE 2ND |
Colorado Springs Sky Sox batting - Pitching for Lehigh Valley IronPigs : RHP Jeff Dailey
|
Batting: LHB Michael Krott
|
0-0: Fly out, F8 (Flyball, 8LM, EV 83.1 MPH)
|
Batting: RHB Mike McElroy
|
0-0: Ball 1-0: Called Strike 1-1: Ball 2-1: Ball 3-1: Foul Ball, location: 2F 3-2: Foul Ball, location: 2F 3-2: Base on Balls
|
Batting: LHB Iehohs Inatho
|
0-0: Grounds into double play, 4-6-3 (Groundball, 34, EV 83.8 MPH)
|
Top of the 2nd over - 0 runs, 0 hits, 0 errors, 0 left on base; Colorado Springs 0 - Lehigh Valley 3 |
BOTTOM OF THE 2ND |
Lehigh Valley IronPigs batting - Pitching for Colorado Springs Sky Sox : LHP Cooper Bate
|
Batting: RHB Victor Arroyo
|
0-0: Fly out, F8 (Flyball, 8RXD, EV 96.9 MPH)
|
Batting: SHB Marco de Leon
|
0-0: Called Strike 0-1: Ball 1-1: Ball 2-1: Foul Ball, location: 2F 2-2: Ball 3-2: Strikes out looking
|
Batting: RHB Moritake Fukumoto
|
0-0: Ball 1-0: Ball 2-0: Called Strike 2-1: Ball 3-1: Base on Balls
|
Batting: LHB Theodore Conboy
|
0-0: Ball 1-0: Ball 2-0: Called Strike 2-1: Ground out 6-3 (Groundball, P, EV 80.6 MPH)
|
Bottom of the 2nd over - 0 runs, 0 hits, 0 errors, 1 left on base; Colorado Springs 0 - Lehigh Valley 3 |
TOP OF THE 3RD |
Colorado Springs Sky Sox batting - Pitching for Lehigh Valley IronPigs : RHP Jeff Dailey
|
Batting: LHB Luke Coulter
|
0-0: Ball 1-0: Called Strike 1-1: Ground out 5-3 (Groundball, 56S, EV 73.1 MPH)
|
Batting: RHB Eduardo Camacho
|
0-0: Called Strike 0-1: Ball 1-1: Fly out, F3 (Line Drive, 34, EV 65.6 MPH)
|
Batting: RHB John Stevenson
|
0-0: Fly out, F3 (Popup, 23F, EV 85.6 MPH)
|
Top of the 3rd over - 0 runs, 0 hits, 0 errors, 0 left on base; Colorado Springs 0 - Lehigh Valley 3 |
BOTTOM OF THE 3RD |
Lehigh Valley IronPigs batting - Pitching for Colorado Springs Sky Sox : LHP Cooper Bate
|
Batting: RHB Alberto Ramirez
|
0-0: Ball 1-0: Foul Ball, location: 2F 1-1: Swinging Strike 1-2: Fly out, F8 (Flyball, 8LD, EV 87.5 MPH)
|
Batting: LHB Josh George
|
0-0: Fly out, F7 (Flyball, 7, EV 90.0 MPH)
|
Batting: RHB Carlos Morejon
|
0-0: Ball 1-0: Called Strike 1-1: Called Strike 1-2: Foul Ball, location: 2F 1-2: Strikes out looking
|
Bottom of the 3rd over - 0 runs, 0 hits, 0 errors, 0 left on base; Colorado Springs 0 - Lehigh Valley 3 |
TOP OF THE 4TH |
Colorado Springs Sky Sox batting - Pitching for Lehigh Valley IronPigs : RHP Jeff Dailey
|
Batting: LHB Steve Gilliam
|
0-0: Ball 1-0: Foul Ball, location: 2F 1-1: Foul Ball, location: 2F 1-2: Foul Ball, location: 2F 1-2: Foul Ball, location: 2F 1-2: Strikes out swinging
|
Batting: LHB Greg Valenzuela
|
0-0: Ball 1-0: Swinging Strike 1-1: Reached on error, E6 (Groundball, 6MD, EV 85.0 MPH)
|
Batting: RHB Maurice Moore
|
0-0: Ball 1-0: Ground out 4-3 (Groundball, 4MS, EV 85.6 MPH) Greg Valenzuela to third
|
Batting: LHB Michael Krott
|
0-0: Ball 1-0: Called Strike 1-1: Foul Ball, location: 2F 1-2: Ball 2-2: Ball 3-2: Ground out 6-3 (Groundball, 4M, EV 91.2 MPH)
|
Top of the 4th over - 0 runs, 0 hits, 1 error, 1 left on base; Colorado Springs 0 - Lehigh Valley 3 |
BOTTOM OF THE 4TH |
Lehigh Valley IronPigs batting - Pitching for Colorado Springs Sky Sox : LHP Cooper Bate
|
Batting: SHB Benjamin Brown
|
0-0: Called Strike 0-1: DOUBLE (Line Drive, 89XD, EV 103.1 MPH)
|
Batting: RHB Mark Schultz
|
0-0: Swinging Strike 0-1: Fly out, F8 (Flyball, 8LD, EV 91.2 MPH)
|
Batting: RHB Victor Arroyo
|
0-0: Ball 1-0: Fly out, F7 (Line Drive, 78M, EV 95.6 MPH)
|
Batting: SHB Marco de Leon
|
0-0: Foul Ball, location: 2F 0-1: Swinging Strike 0-2: Foul Ball, location: 2F 0-2: Ball 1-2: Ball 2-2: Foul Ball, location: 2F 2-2: Ball 3-2: Fly out, F9 (Flyball, 9LSF, EV 72.5 MPH)
|
Bottom of the 4th over - 0 runs, 1 hit, 0 errors, 1 left on base; Colorado Springs 0 - Lehigh Valley 3 |
TOP OF THE 5TH |
Colorado Springs Sky Sox batting - Pitching for Lehigh Valley IronPigs : RHP Jeff Dailey
|
Batting: RHB Mike McElroy
|
0-0: Swinging Strike 0-1: Swinging Strike 0-2: Ball 1-2: Ball 2-2: Ball 3-2: Base on Balls
|
Batting: LHB Iehohs Inatho
|
0-0: Called Strike Mike McElroy steals 2nd base 0-1: Foul Ball, location: 2F 0-2: Hit by Pitch
|
Batting: LHB Luke Coulter
|
0-0: Ball 1-0: Ball 2-0: Called Strike 2-1: Ball 3-1: Fly out, F2 (Popup, 5SF, EV 75.6 MPH)
|
Batting: RHB Eduardo Camacho
|
0-0: Called Strike 0-1: Ball 1-1: Ball 2-1: Ball 3-1: DOUBLE (Flyball, 89D, EV 103.8 MPH) Mike McElroy scores Iehohs Inatho to third Runner from 3rd tries for Home, SAFE, throw by RF to home
|
Batting: RHB John Stevenson
|
0-0: Called Strike 0-1: Reached on error, E6 (Groundball, 6, EV 83.8 MPH) Eduardo Camacho to third
|
Batting: LHB Steve Gilliam
|
0-0: Called Strike 0-1: Ball 1-1: Called Strike 1-2: TRIPLE (Flyball, 89XD, EV 97.5 MPH) Eduardo Camacho scores John Stevenson scores
|
Batting: LHB Greg Valenzuela
|
0-0: Ball 1-0: Ball 2-0: Ball 3-0: Base on Balls
|
Batting: RHB Maurice Moore
|
0-0: Ball Greg Valenzuela steals 2nd base 1-0: SINGLE (Groundball, 56D, EV 110.0 MPH) Steve Gilliam scores Greg Valenzuela to third
|
Pitching: RHP Manny Cordova
|
|
Batting: LHB Michael Krott
|
0-0: Grounds into double play, 6-4-3 (Groundball, 6S, EV 84.4 MPH)
|
Top of the 5th over - 5 runs, 3 hits, 1 error, 1 left on base; Colorado Springs 5 - Lehigh Valley 3 |
BOTTOM OF THE 5TH |
Lehigh Valley IronPigs batting - Pitching for Colorado Springs Sky Sox : LHP Cooper Bate
|
Batting: RHB Moritake Fukumoto
|
0-0: Fly out, F7 (Flyball, 78S, EV 90.6 MPH)
|
Batting: LHB Theodore Conboy
|
0-0: Called Strike 0-1: Ball 1-1: SINGLE (Groundball, 6D, EV 96.2 MPH)
|
Batting: RHB Alberto Ramirez
|
0-0: Swinging Strike 0-1: Foul Ball, location: 2F 0-2: Ball 1-2: Strikes out swinging
|
Batting: LHB Josh George
|
0-0: Called Strike 0-1: Swinging Strike 0-2: Ball 1-2: Fielders Choice at 2nd, 6-4 (Groundball, 4M, EV 108.8 MPH)
|
Bottom of the 5th over - 0 runs, 1 hit, 0 errors, 1 left on base; Colorado Springs 5 - Lehigh Valley 3 |
TOP OF THE 6TH |
Colorado Springs Sky Sox batting - Pitching for Lehigh Valley IronPigs : RHP Manny Cordova
|
Batting: RHB Mike McElroy
|
0-0: Called Strike 0-1: Called Strike 0-2: Ball 1-2: Strikes out looking
|
Batting: LHB Iehohs Inatho
|
0-0: Foul Ball, location: 2F 0-1: Ground out 4-3 (Groundball, 4S, EV 82.5 MPH)
|
Batting: LHB Luke Coulter
|
0-0: Called Strike 0-1: Ball 1-1: Foul Ball, location: 2F 1-2: Foul Ball, location: 2F 1-2: Ball 2-2: Ball 3-2: SINGLE (Line Drive, 56D, EV 101.9 MPH)
|
Batting: RHB Eduardo Camacho
|
0-0: Ground out 5-3 (Groundball, 56S, EV 85.6 MPH)
|
Top of the 6th over - 0 runs, 1 hit, 0 errors, 1 left on base; Colorado Springs 5 - Lehigh Valley 3 |
BOTTOM OF THE 6TH |
Lehigh Valley IronPigs batting - Pitching for Colorado Springs Sky Sox : LHP Cooper Bate
|
Batting: RHB Carlos Morejon
|
0-0: Ball 1-0: Ball 2-0: Called Strike 2-1: Ground out 5-3 (Groundball, 5, EV 86.9 MPH)
|
Batting: SHB Benjamin Brown
|
0-0: Called Strike 0-1: Ball 1-1: Called Strike 1-2: Fly out, F8 (Flyball, 78M, EV 90.6 MPH)
|
Batting: RHB Mark Schultz
|
0-0: Called Strike 0-1: Called Strike 0-2: Ball 1-2: Foul Ball, location: 2F 1-2: Ball 2-2: Ball 3-2: Foul Ball, location: 2F 3-2: Strikes out looking
|
Bottom of the 6th over - 0 runs, 0 hits, 0 errors, 0 left on base; Colorado Springs 5 - Lehigh Valley 3 |
TOP OF THE 7TH |
Colorado Springs Sky Sox batting - Pitching for Lehigh Valley IronPigs : RHP Manny Cordova
|
Batting: RHB John Stevenson
|
0-0: Fly out, F3 (Line Drive, 3L, EV 75.6 MPH)
|
Batting: LHB Steve Gilliam
|
0-0: Ball 1-0: Called Strike 1-1: Called Strike 1-2: Ball 2-2: Ball 3-2: Foul Ball, location: 2F 3-2: Base on Balls
|
Batting: LHB Greg Valenzuela
|
0-0: Ball Steve Gilliam is caught stealing 2nd base 2-6 1-0: Foul Ball, location: 2F 1-1: Ground out 1-3 (Groundball, 34S, EV 68.1 MPH)
|
Top of the 7th over - 0 runs, 0 hits, 0 errors, 0 left on base; Colorado Springs 5 - Lehigh Valley 3 |
BOTTOM OF THE 7TH |
Lehigh Valley IronPigs batting - Pitching for Colorado Springs Sky Sox : LHP Cooper Bate
|
Batting: RHB Victor Arroyo
|
0-0: Ball 1-0: Fly out, F9 (Flyball, 9, EV 92.5 MPH)
|
Batting: SHB Marco de Leon
|
0-0: Called Strike 0-1: Ball 1-1: Ball 2-1: Called Strike 2-2: Ball 3-2: Strikes out looking
|
Batting: RHB Moritake Fukumoto
|
0-0: Called Strike 0-1: Ball 1-1: Foul Ball, location: 2F 1-2: Strikes out swinging
|
Bottom of the 7th over - 0 runs, 0 hits, 0 errors, 0 left on base; Colorado Springs 5 - Lehigh Valley 3 |
TOP OF THE 8TH |
Colorado Springs Sky Sox batting - Pitching for Lehigh Valley IronPigs : RHP Manny Cordova
|
Pitching: RHP Alex Florez
|
|
Batting: RHB Maurice Moore
|
0-0: Ball 1-0: Ball 2-0: Foul Ball, location: 2F 2-1: Ball 3-1: Foul Ball, location: 2F 3-2: Ground out 4-3 (Groundball, 4, EV 83.1 MPH)
|
Batting: LHB Michael Krott
|
0-0: Foul Ball, location: 2F 0-1: Ball 1-1: Called Strike 1-2: Ball 2-2: Ball 3-2: Strikes out looking
|
Batting: RHB Mike McElroy
|
0-0: Ground out U3 (Groundball, 3, EV 103.1 MPH)
|
Top of the 8th over - 0 runs, 0 hits, 0 errors, 0 left on base; Colorado Springs 5 - Lehigh Valley 3 |
BOTTOM OF THE 8TH |
Lehigh Valley IronPigs batting - Pitching for Colorado Springs Sky Sox : LHP Cooper Bate
|
Pitching: RHP Davon Ware
|
|
Batting: LHB Theodore Conboy
|
0-0: Called Strike 0-1: Foul Ball, location: 2F 0-2: Ball 1-2: Ground out 3-1 (Groundball, 34, EV 90.6 MPH)
|
Batting: RHB Alberto Ramirez
|
0-0: Ball 1-0: Called Strike 1-1: Ball 2-1: Ground out 6-3 (Groundball, 6, EV 83.8 MPH)
|
Batting: LHB Josh George
|
0-0: Swinging Strike 0-1: Foul Ball, location: 2F 0-2: Ball 1-2: Ground out 4-3 (Groundball, 4S, EV 83.1 MPH)
|
Bottom of the 8th over - 0 runs, 0 hits, 0 errors, 0 left on base; Colorado Springs 5 - Lehigh Valley 3 |
TOP OF THE 9TH |
Colorado Springs Sky Sox batting - Pitching for Lehigh Valley IronPigs : RHP Alex Florez
|
Pitching: RHP Andy Burchfield
|
|
Batting: LHB Iehohs Inatho
|
0-0: Called Strike 0-1: Ball 1-1: Called Strike 1-2: Strikes out looking
|
Batting: LHB Luke Coulter
|
0-0: Ball 1-0: Foul Ball, location: 2F 1-1: Ground out 4-3 (Groundball, 4, EV 94.4 MPH)
|
Batting: RHB Eduardo Camacho
|
0-0: Called Strike 0-1: Ball 1-1: Ball 2-1: Swinging Strike 2-2: Foul Ball, location: 2F 2-2: Ball 3-2: Ground out 5-3 (Groundball, 56S, EV 91.2 MPH)
|
Top of the 9th over - 0 runs, 0 hits, 0 errors, 0 left on base; Colorado Springs 5 - Lehigh Valley 3 |
BOTTOM OF THE 9TH |
Lehigh Valley IronPigs batting - Pitching for Colorado Springs Sky Sox : RHP Davon Ware
|
Pitching: RHP Jim Butler
|
|
Now at SS: Jamie Mims
|
|
Batting: RHB Carlos Morejon
|
0-0: Ball 1-0: Ball 2-0: Foul Ball, location: 2F 2-1: Ball 3-1: Base on Balls
|
Batting: SHB Benjamin Brown
|
0-0: Ball 1-0: Ball 2-0: SINGLE (Line Drive, 89S, EV 105.6 MPH) Carlos Morejon to second
|
Pinch Runner at 2nd Jake Cox:
|
|
Batting: RHB Mark Schultz
|
0-0: Ball 1-0: Bunted foul 1-1: Bunted foul 1-2: Foul Ball, location: 2F 1-2: Strikes out swinging
|
Batting: RHB Victor Arroyo
|
0-0: Called Strike 0-1: Swinging Strike 0-2: Strikes out looking
|
Batting: SHB Marco de Leon
|
0-0: Ball 1-0: Fly out, F7 (Line Drive, 78M, EV 95.0 MPH)
|
Bottom of the 9th over - 0 runs, 1 hit, 0 errors, 2 left on base; Colorado Springs 5 - Lehigh Valley 3 |
|